 Dungeon Crawl Stone Soup version 0.25.0-37-gb73750e0fb (webtiles) character file.

Game seed: 11357760410512371059

60 Ethylacetat the Poker (level 3, -1/28 HPs)
             Began as a Demonspawn Gladiator on July 8, 2020.
             Killed from afar by Sigmund (5 damage)
             ... with a magic dart
             ... on level 2 of the Dungeon.
             The game lasted 00:01:44 (1147 turns).

Ethylacetat the Poker (Demonspawn Gladiator)        Turns: 1147, Time: 00:01:44

Health: -1/28      AC:  3    Str: 15    XL:     3   Next: 82%
Magic:  3/3        EV: 12    Int:  9    God:
Gold:   76         SH:  0    Dex: 14    Spells: 2/2 levels left

rFire    . . .     SeeInvis .   a - +0 trident
rCold    . . .     Gourm    .   (no shield)
rNeg     + . .     Faith    .   b - +0 leather armour
rPois    .         Spirit   .   (helmet restricted)
rElec    .         Reflect  .   (no cloak)
rCorr    .         Harm     .   (no gloves)
MR       .....                  (no boots)
Stlth    +.........             (no amulet)
HPRegen  0.09/turn              l - ring of positive energy
MPRegen  0.08/turn              (no ring)

@: no status effects
A: horns 1
a: no special abilities


You were on level 2 of the Dungeon.
You were not hungry.

You visited 1 branch of the dungeon, and saw 2 of its levels.

You collected 76 gold pieces.

Inventory:

Hand Weapons
 a - a +0 trident (weapon)
Missiles
 d - 2 throwing nets (quivered)
Armour
 b - a +0 leather armour (worn)
Jewellery
 l - a ring of positive energy (left hand)
Scrolls
 h - a scroll of identify {unknown}
 i - a scroll of remove curse {unknown}
 j - a scroll of teleportation {unknown}
 m - a scroll of blinking {unknown}
Potions
 c - 2 potions of resistance {unknown}
 e - a potion of ambrosia {unknown}
 k - a potion of brilliance {unknown}
Comestibles
 f - 2 rations
 g - a chunk of flesh


   Skills:
 + Level 2.8 Fighting
 * Level 3.9 Polearms
 - Level 1.7 Throwing
 - Level 2.6 Dodging


You had 2 spell levels left.
You didn't know any spells.
Your spell library was empty.

Dungeon Overview and Level Annotations

Branches:
Dungeon (2/15)

Altars:

Annotations:
D:2 Sigmund


Innate Abilities, Weirdness & Mutations

You have a pair of small horns on your head.


Message History

Sigmund struggles against the net.
The net rips apart, and Sigmund comes free!
Attack whom?
Press: ? - help, Dir - move target cursor, f/p - Sigmund
Aim: Sigmund, wielding a +0 scythe and wearing a +0 robe (almost dead)
You reach to attack!
You hit Sigmund but do no damage.
Sigmund is almost dead.
Sigmund hits you from afar with a +0 scythe.
You are too injured to fight recklessly!
You are too injured to fight recklessly!
You are too injured to fight recklessly!
You are too injured to fight recklessly!
You are too injured to fight recklessly!
Sigmund hits you with a +0 scythe!
* * * LOW HITPOINT WARNING * * *
You hit Sigmund but do no damage. Your headbutt misses Sigmund.
Sigmund is almost dead.
Sigmund gestures at you while chanting. The magic dart hits you.
You die...

.>. #.#.# ..# .....
#.#.# #.#
.....##########.#.. ..#
.............##.########
......?................#
...............#######.#
...............#
...............#
.......@.......#
......@=.......#
.................
..................
..................
...#####.#####... ...
#.# .. .. ..


You could see Sigmund.

Vanquished Creatures
  Natasha (D:2)
  A leopard gecko (D:1)
  8 bats (D:1)
  A giant cockroach (D:1)
  2 goblins (D:1)
  5 hobgoblins (D:1)
  3 jackals (D:1)
  4 kobolds (D:1)
  A quokka (D:2)
  2 frilled lizards
  3 rats (D:1)
31 creatures vanquished.

Notes
Turn   | Place    | Note
-------+----------+-------------------------------------------
     0 | D:1      | Ethylacetat the Demonspawn Gladiator began the quest for
                  | the Orb.
     0 | D:1      | Reached XP level 1. HP: 16/16 MP: 1/1
    86 | D:1      | Reached skill level 3 in Polearms
   145 | D:1      | Gained mutation: You have a pair of small horns on your
                  | head. [demonic ancestry]
   145 | D:1      | Reached XP level 2. HP: 17/22 MP: 2/2
   776 | D:1      | Reached XP level 3. HP: 28/28 MP: 3/3
  1036 | D:2      | Noticed Natasha
  1042 | D:2      | Killed Natasha
  1133 | D:2      | Noticed Sigmund
  1147 | D:2      | Killed from afar by Sigmund

Illustrated notes

Levels and vault maps discovered:
D:1:      nicolae_arrival_memento_mori, layout_basic, minmay_misc_feat_hallway,
          dk_noncrumbling_3, hex_medium
D:2:      layout_basic, minmay_tetromino_s2, uniq_sigmund, uniq_natasha

Skill      XL: |  1 |
---------------+----+-----
Polearms       | 3 |  3.9
Fighting       | |  2.8
Throwing       | |  1.7
Dodging        | |  2.6

Action                   || total
-------------------------++-------
Melee: Trident           ||    87
       Headbutt          ||     3
Throw: Throwing net      ||     1
 Stab: Sleeping          ||     1
       Held in net/web   ||     1
  Eat: Chunk             ||     1
Armor: Leather armour    ||    10
Dodge: Dodged            ||    46
